AoeStats
← Fun_HD

Coastal Forest

503371973Analyzed
2v2 RM · 1mo ago on Aug 31, 2026· 15m 33s· 4 players
Game mode
Random Map
Map size
Medium (4 player)
Population
200
Speed
Normal
Resources
Standard
Victory
Conquest
Starting age
Dark Age
Ending age
Imperial Age
RankedLock teamsTeams togetherTeam positionsShared explorationLock speedFull tech treeHidden civsTurbo modeCheats
Victory
Defeat
🇫🇷 Armenians · France
1116
+15
🇧🇪 Maya · Belgium
1109
+15
🇷🇴 Spanish · Romania
1150
-18
🇫🇷 Franks · France
1042
-13
AnarKey
6:24 Loom
12:15 Feudal Age
13:26 Double-Bit Axe
15:06 Town Watch
17:59 Castle Age
Fun_HD
12:31 Feudal Age
11:03 Loom
clem3613
7:42 Loom
9:46 Feudal Age
10:01 Man-at-Arms
11:26 Long Swordsman
15:38 Scale Mail Armor
Louisrsca
0:25 Loom
10:40 Feudal Age
14:29 Castle Age
14:59 Forging
14:52 Double-Bit Axe
Connection lost

Rejoining the realm…

Still unreachable

The connection could not be restored.

Session expired

The server has moved on; the page needs a fresh start.